 Dungeon Crawl Stone Soup version 0.27.0-1-g7a089689b8 (webtiles) character file.

Game seed: 17619401534938897049

431 fiver49 the Poker (level 7, 0/50 HPs)
             Began as a Formicid Warper on Aug 2, 2021.
             Was a Believer of Yredelemnul.
             Slain by a scorpion (2 damage)
             ... on level 5 of the Dungeon.
             The game lasted 00:13:09 (4063 turns).

fiver49 the Poker (Formicid Warper)                 Turns: 4063, Time: 00:13:10

Health: 0/50       AC:  8    Str: 17    XL:     7   Next: 19%
Magic:  10/10      EV:  7    Int: 13    God:    Yredelemnul [**....]
Gold:   109        SH:  0    Dex: 10    Spells: 10/10 levels left

rFire    . . .     SeeInvis +   a - +0 spear
rCold    . . .     Faith    .   (no shield)
rNeg     . . .     Spirit   .   n - +0 chain mail
rPois    .         Reflect  .   (helmet unavailable)
rElec    .         Harm     .   (no cloak)
rCorr    .         Rampage  .   (no gloves)
Will     .....                  (no boots)
Stlth    ..........             h - amulet of regeneration
HPRegen  1.16/turn              (no ring)
MPRegen  0.12/turn              (no ring)

@: mighty, lethally poisoned (0 -> -1)
A: permanent stasis, dig shafts and tunnels, antennae 3, four strong arms
a: Dig, Shaft Self, Renounce Religion, Animate Remains, Recall Undead Slaves,
Injury Mirror


You were on level 5 of the Dungeon.
You worshipped Yredelemnul.
Yredelemnul was pleased with you.
You visited 1 branch of the dungeon, and saw 5 of its levels.

You collected 109 gold pieces.

Inventory:

Hand Weapons
 a - a +0 spear (weapon)
Missiles
 q - 5 boomerangs (quivered)
 r - 8 javelins
Armour
 b - a +0 leather armour
 j - a +0 scale mail
 n - a +0 chain mail (worn)
Jewellery
 f - a ring of wizardry
 h - an amulet of regeneration (around neck)
Scrolls
 e - 2 scrolls of enchant weapon {unknown}
 i - a scroll of immolation {unknown}
 k - a scroll of enchant armour {unknown}
 l - 2 scrolls of teleportation {unknown}
 m - a scroll of fog {unknown}
 p - a scroll of fear {unknown}
 s - a scroll of noise {unknown}
Potions
 o - a potion of curing {unknown}


   Skills:
 - Level 2.1 Fighting
 + Level 7.2 Polearms
 - Level 1.0 Throwing
 - Level 1.1 Armour
 - Level 1.7 Dodging
 - Level 2.1 Spellcasting
 - Level 2.6 Translocations


You had 10 spell levels left.
You didn't know any spells.
Your spell library contained the following spells:

 Spells                   Type           Power      Damage    Failure   Level
 Corona                   Hex            1%         N/A       99%         1
 Gell's Gravitas          Tloc           4%         N/A       99%         3
 Lesser Beckoning         Tloc           4%         N/A       99%         3
 Teleport Other           Tloc           8%         N/A       99%         3
 Ensorcelled Hibernation  Hex/Ice        2%         N/A       100%        2
 Tukima's Dance           Hex            1%         N/A       100%        3
 Manifold Assault         Tloc           8%         N/A       100%        5
 Blink                    Tloc           Unusable   N/A       N/A         2

Dungeon Overview and Level Annotations

Branches:
Dungeon (5/15)
 Temple: D:4-7

Altars:
Yredelemnul

Shops:
D:4 *

Annotations:
D:2 Sigmund
D:3 !black bear
D:4 Dowan, Duvessa, Edmund, Eustachio, Natasha


Innate Abilities, Weirdness & Mutations

You cannot be hasted, slowed, berserked, paralysed or teleported.
You can dig through walls and to a lower floor.
You have a pair of large antennae on your head. (SInv)
Your four strong arms can wield two-handed weapons with a shield.


Message History

You feel sick.
You feel sick. The scorpion stings you.
* * * LOW HITPOINT WARNING * * *
You are more poisoned.
The scorpion poisons you!
You feel very sick.
You feel sick.
You feel very sick.
You feel sick. The scorpion closely misses you.
You feel sick.
You feel sick.
You feel sick.
You feel sick.
You feel sick. The scorpion stings you.
* * * LOW HITPOINT WARNING * * *
You feel sick.
You are no longer poisoned.
The scorpion stings you but does no damage.
There is a stone staircase leading down here.
The scorpion stings you!
* * * LOW HITPOINT WARNING * * *
The scorpion stings you.
* * * LOW HITPOINT WARNING * * *
You are poisoned.
The scorpion poisons you!
* * * LOW HITPOINT WARNING * * *
You feel very sick.
* * * LOW HITPOINT WARNING * * *
You feel sick.
* * * LOW HITPOINT WARNING * * *
You feel sick.
It was a potion of berserk rage.
Your stasis prevents you from going berserk.
You feel sick.
The scorpion stings you but does no damage.
It was a potion of might.
You feel very mighty all of a sudden.
You feel sick. The scorpion stings you.
You die...
Your body rises from the dead as a mindless zombie.

#$.......
#........
.........
##+##........
#...#........
#...#........
#.>..........
##.##s.......
#.##@.......
#.##........
#######.##........
#......<..........
#........#........
#........+........
.........#........
...##.............
... #.............


You could see a scorpion.

Vanquished Creatures
  A sky beast (D:5)
  An ice beast (D:5)
  A scorpion (D:4)
  An iguana (D:3)
  An orc wizard (D:4)
  6 adders
  3 worms
  12 orcs
  10 ball pythons
  8 endoplasms
  4 giant cockroaches
  5 hobgoblins
  4 quokkas
  6 bats
  4 frilled lizards
  A goblin (D:4)
  4 kobolds
  4 rats
76 creatures vanquished.

Notes
Turn   | Place    | Note
-------+----------+-------------------------------------------
     0 | D:1      | fiver49 the Formicid Warper began the quest for the Orb.
     0 | D:1      | Reached XP level 1. HP: 16/16 MP: 3/3
   219 | D:1      | Reached XP level 2. HP: 16/22 MP: 5/5
   768 | D:1      | Found a faded altar of an unknown god.
   777 | D:1      | Reached skill level 3 in Polearms
   779 | D:1      | Became a worshipper of Yredelemnul the Dark
   779 | D:1      | Reached * piety under Yredelemnul
  1283 | D:2      | Reached XP level 3. HP: 24/27 MP: 6/6
  1584 | D:2      | Noticed Sigmund
  2049 | D:2      | Reached skill level 4 in Polearms
  2049 | D:2      | Reached XP level 4. HP: 33/33 MP: 7/7
  2209 | D:3      | Reached ** piety under Yredelemnul
  2348 | D:3      | Reached XP level 5. HP: 38/38 MP: 8/8
  2520 | D:3      | Reached skill level 5 in Polearms
  2911 | D:4      | Noticed Dowan
  2958 | D:4      | Noticed a black bear
  3306 | D:4      | Reached skill level 6 in Polearms
  3306 | D:4      | Reached XP level 6. HP: 30/44 MP: 9/9
  3390 | D:4      | Noticed Eustachio
  3565 | D:4      | Found Idwirhorph's General Store.
  3617 | D:4      | Noticed Duvessa
  3835 | D:4      | Noticed Edmund
  3868 | D:4      | Noticed Natasha
  3880 | D:4      | Noticed a sky beast
  3887 | D:5      | Entered Level 5 of the Dungeon
  3903 | D:5      | Noticed an ice beast
  3930 | D:5      | Killed a sky beast
  3944 | D:5      | Killed an ice beast
  3945 | D:5      | Reached skill level 7 in Polearms
  3945 | D:5      | Reached XP level 7. HP: 31/50 MP: 10/10
  4060 | D:5      | HP: 2/50 [poisoned by a scorpion]
  4063 | D:5      | Slain by a scorpion

Illustrated notes

Levels and vault maps discovered:
D:1:      matt_arrival_spirals, layout_basic, shapermc_ecumenical_altar_venn
D:2:      layout_basic, minmay_tetromino_t2, uniq_sigmund
D:3:      layout_rooms
D:4:      layout_basic, nicolae_take_the_stairs, uniq_eustachio, uniq_duvessa,
          uniq_edmund, uniq_natasha
D:5:      layout_basic, mainiacjoe_overflow_alcove_4,
          minmay_temple_entry_nine_rooms, minmay_between

Skill      XL: |  1  2  3  4  5  6 |
---------------+-------------------+-----
Polearms       | 3 4 6 7 |  7.2
Fighting       | |  2.1
Throwing       | |  1.0
Armour         | |  1.1
Dodging        | |  1.7
Spellcasting   | |  2.1
Translocations | |  2.6

Action                   |  1- 3 |  4- 6 |  7- 9 || total
-------------------------+-------+-------+-------++-------
Melee: Spear             |   127 |   353 |    27 ||   507
Throw: Boomerang         |     1 |     4 |       ||     5
 Abil: Dig               |       |     2 |       ||     2
  Use: Potion            |       |       |     2 ||     2
 Stab: Sleeping          |     1 |       |       ||     1
Armor: Leather armour    |    22 |       |       ||    22
       Scale mail        |    18 |    41 |       ||    59
       Chain mail        |       |    87 |    17 ||   104
Dodge: Dodged            |    64 |   126 |    10 ||   200
